 Dungeon Crawl Stone Soup version 0.28.0 (webtiles) character file.

Game seed: 11095545491794781385

396 Dirian the Chopper (level 6, 0/52 HPs)
             Began as a Hill Orc Wanderer on Feb 18, 2022.
             Succumbed to a killer bee's poison
             ... on level 7 of the Dungeon.
             The game lasted 00:06:47 (3768 turns).

Dirian the Chopper (Hill Orc Wanderer)              Turns: 3768, Time: 00:06:48

Health: 0/52       AC: 13    Str: 16    XL:     6   Next: 83%
Magic:  8/8        EV:  6    Int: 13    God:
Gold:   102        SH:  0    Dex: 10    Spells: 7/8 levels left

rFire   . . .      SeeInvis .   i - +0 war axe (vamp)
rCold   . . .      Faith    .   (no shield)
rNeg    . . .      Spirit   .   n - +0 chain mail
rPois   .          Reflect  .   c - +0 helmet
rElec   .          Harm     .   k - +0 cloak
rCorr   .          Rampage  .   m - +1 pair of gloves
Will    .....                   (no boots)
Stlth   ..........              (no amulet)
HPRegen 0.17/turn               (no ring)
MPRegen 0.11/turn               (no ring)

@: lethally poisoned (0 -> -6)
A: no striking features
a: no special abilities


You were on level 7 of the Dungeon.
You visited 1 branch of the dungeon, and saw 5 of its levels.

You collected 102 gold pieces.

Inventory:

Hand Weapons
 a - the +6 trident of Grand Valour {flame, Dex+2}
   (You found it on level 3 of the Dungeon)

   It burns those it strikes, dealing additional fire damage.
   Dex:       It affects your dexterity (+2).
 h - a +0 hand axe
 i - a +0 vampiric war axe (weapon)
Armour
 b - a +0 robe
 c - a +0 helmet (worn)
 e - a +0 ring mail
 f - a +0 plate armour
 k - a +0 cloak (worn)
 m - a +1 pair of gloves (worn)
 n - a +0 chain mail (worn)
Jewellery
 o - a ring of poison resistance
Scrolls
 g - a scroll of fog
 l - a scroll of enchant armour
Potions
 d - a potion of cancellation
 j - a potion of flight
 w - a potion of heal wounds


   Skills:
 + Level 4.1 Fighting
 * Level 6.1 Axes
 + Level 3.4 Armour
 - Level 1.5 Stealth
 - Level 1.5 Spellcasting
 - Level 2.0 Necromancy
 - Level 2.4 Translocations


You had 7 spell levels left.
You knew the following spells:

 Your Spells              Type           Power      Damage    Failure   Level
a - Apportation           Tloc           14%        N/A       86%         1

Your spell library contained the following spells:

 Spells                   Type           Power      Damage    Failure   Level
 Sublimation of Blood     Necr           6%         N/A       97%         2
 Corpse Rot               Necr/Air       6%         N/A       99%         2
 Lesser Beckoning         Tloc           7%         N/A       99%         3
 Inner Flame              Hex/Fire       1%         N/A       100%        3
 Ozocubu's Armour         Ice            1%         N/A       100%        3
 Cause Fear               Hex            0%         N/A       100%        4
 Iskenderun's Mystic Bla  Conj/Tloc      4%         2d3       100%        4
 Metabolic Englaciation   Hex/Ice        0%         N/A       100%        5
 Simulacrum               Ice/Necr       1%         N/A       100%        6
 Discord                  Hex            0%         N/A       100%        8


Dungeon Overview and Level Annotations

Branches:
Dungeon (4/15)
 Temple: D:4-7

Altars:
Zin
The Shining One

Annotations:
D:3 Sigmund


Message History

You feel much better.
You feel sick. The killer bee stings you.
The killer bee stings you but does no damage.
You barely miss the killer bee.
The killer bee is heavily wounded.
You feel sick.
The killer bee stings you but does no damage. x3
You barely miss the killer bee.
The killer bee is heavily wounded.
You feel sick.
A killer bee comes into view.
The killer bee barely misses you.
The killer bee stings you but does no damage.
The killer bee buzzes angrily.
You hit the killer bee but do no damage.
The killer bee is heavily wounded.
You feel sick.
The killer bee stings you but does no damage.
A killer bee comes into view.
The killer bee stings you!
* * * LOW HITPOINT WARNING * * *
You are more poisoned.
The killer bee poisons you!
A killer bee comes into view.
The killer bee barely misses you.
You barely miss the killer bee.
The killer bee is heavily wounded.
* * * LOW HITPOINT WARNING * * *
You feel very sick.
The killer bee buzzes angrily.
The killer bee stings you but does no damage. x2
You closely miss the killer bee.
The killer bee is heavily wounded.
* * * LOW HITPOINT WARNING * * *
You feel very sick.
The killer bee stings you but does no damage.
The killer bee stings you.
* * * LOW HITPOINT WARNING * * *
You barely miss the killer bee.
The killer bee is heavily wounded.
You die...

≈ ≈≈ ≈≈≈ # ≈≈.. .#
..... ##..#.#
......#####....(..
......yyyy@.......
.####.#######..#.#
# #


You could see 4 killer bees.

Vanquished Creatures
  Eustachio (D:4)
  A bullfrog zombie (D:4)
  Jessica (D:3)
  3 orc wizards
  Robin (D:3)
  2 adders
  4 dart slugs
  13 orcs
  5 bats
  5 endoplasms
  2 giant cockroaches
  7 hobgoblins
  4 jackals (D:3)
  2 kobolds
  8 ball pythons
  3 frilled lizards
  17 goblins
  3 rats
82 creatures vanquished.

Vanquished Creatures (others)
  2 fungi (D:3)
  A plant (D:3)
3 creatures vanquished.

Grand Total: 85 creatures vanquished

Notes
Turn   | Place    | Note
-------+----------+-------------------------------------------
     0 | D:1      | Dirian the Hill Orc Wanderer began the quest for the Orb.
     0 | D:1      | Dirian set off with the following items: a +0 club, a +0
                  | robe, a +0 helmet; and the following spell memorised:
                  | Apportation; and the following spells available to
                  | memorise: Sublimation of Blood, Corpse Rot, Lesser
                  | Beckoning, Iskenderun's Mystic Blast
     0 | D:1      | Reached XP level 1. HP: 16/16 MP: 3/3
   306 | D:1      | Reached skill level 1 in Axes
   439 | D:1      | Reached XP level 2. HP: 20/23 MP: 4/4
   872 | D:1      | Reached skill level 1 in Armour
  1083 | D:2      | Reached skill level 2 in Axes
  1410 | D:2      | Reached XP level 3. HP: 29/29 MP: 5/5
  1442 | D:2      | Found a glowing silver altar of Zin.
  2319 | D:3      | Found a faded altar of an unknown god.
  2365 | D:3      | Reached skill level 3 in Axes
  2377 | D:3      | Reached XP level 4. HP: 29/37 MP: 6/6
  2518 | D:3      | Found a glowing golden altar of the Shining One.
  2527 | D:3      | Noticed Jessica
  2535 | D:3      | Killed Jessica
  2599 | D:3      | Reached skill level 4 in Axes
  2599 | D:3      | Reached XP level 5. HP: 32/44 MP: 7/7
  2977 | D:3      | Noticed Robin
  2999 | D:3      | Killed Robin
  3202 | D:3      | Noticed Sigmund
  3613 | D:3      | Identified the +6 trident of Grand Valour {flame, Dex+2}
  3638 | D:4      | Noticed Eustachio
  3713 | D:4      | Reached skill level 5 in Axes
  3713 | D:4      | Reached XP level 6. HP: 46/51 MP: 8/8
  3748 | D:4      | Killed Eustachio
  3749 | D:4      | Reached skill level 6 in Axes
  3749 | D:4      | You fall into a shaft and drop 3 floors!
  3767 | D:7      | HP: 2/52 [killer bee (5)]
  3768 | D:7      | Succumbed to a killer bee's poison

Illustrated notes

Levels and vault maps discovered:
D:1:      saegor_arrival_simple_b, layout_loops_corners
D:2:      layout_loops_corners, basic_altar, grunt_decor_cap
D:3:      layout_basic, tso_metal_star, shapermc_ecumenical_altar_ellora,
          uniq_sigmund, uniq_robin, uniq_jessica
D:4:      layout_gridville, nicolae_ossuary_entry_plus, uniq_pikel,
          uniq_eustachio, uniq_edmund
D:7:      layout_basic, temple_pool_b

Skill      XL: |  1  2  3  4  5  6 |
---------------+-------------------+-----
Axes           | 1 2 3 4 5 6 |  6.1
Armour         | 1 2 3 |  3.4
Fighting       | 2 3 4 |  4.1
Stealth        | |  1.5
Spellcasting   | |  1.5
Necromancy     | |  2.0
Translocations | |  2.4

Action                   |  1- 3 |  4- 6 || total
-------------------------+-------+-------++-------
Melee: Club              |    16 |       ||    16
       War axe           |    96 |   162 ||   258
       Punch             |     2 |       ||     2
  Use: Scroll            |     5 |     2 ||     7
       Potion            |       |     3 ||     3
Armor: Ring mail         |    49 |    59 ||   108
       Robe              |     2 |       ||     2
       Chain mail        |       |    75 ||    75
Dodge: Dodged            |    61 |    91 ||   152
